SAL
AUGUSTA GREENJACKETS @ KANNAPOLIS INTIMIDATORS
04/10/2099
 
TOP OF THE 1ST
Augusta GreenJackets batting - Pitching for Kannapolis Intimidators : RHP Matt Osborne
Pitching: RHP Matt Osborne
Batting: RHB Matt Bobrick 0-0: Ball
1-0: Foul Ball, location: 9LMF
1-1: Ball
2-1: Foul Ball, location: 23FF
2-2: Ball
3-2: Base on Balls
Batting: RHB Michael Meinert 0-0: Called Strike
0-1: Ball
1-1: Grounds into double play, 4-6-3 (Groundball, 34, EV 108.8 MPH)
Batting: LHB Russ Sverdlov 0-0: Called Strike
0-1: Ball
1-1: SINGLE (Line Drive, 89S, EV 92.5 MPH)
Batting: SHB Matt Russ 0-0: SINGLE (Line Drive, 78S, EV 108.8 MPH)
Russ Sverdlov to second
Runner from 2nd tries for 3rd, SAFE, throw by LF made to third
Batting: RHB Kevin Sides 0-0: Fly out, F4 (Popup, 4M, EV 63.8 MPH)
Top of the 1st over - 0 runs, 2 hits, 0 errors, 2 left on base; Augusta 0 - Kannapolis 0
BOTTOM OF THE 1ST
Kannapolis Intimidators batting - Pitching for Augusta GreenJackets : LHP Chad Haught
Pitching: LHP Chad Haught
Batting: LHB Bob Cozart 0-0: Foul Ball, location: 7LSF
0-1: Ball
1-1: SINGLE (Flyball, 78S, EV 90.0 MPH)
Batting: RHB Miguel Maldonado 0-0: Ball
1-0: Fly out, F8 (Flyball, 78M, EV 87.5 MPH)
Batting: RHB Jesse Rhodes 0-0: Called Strike
0-1: Ball
1-1: Foul Ball, location: 9LDF
1-2: Fly out, F8 (Flyball, 8RM, EV 93.8 MPH)
Batting: LHB Scott Davis 0-0: Ball
1-0: Ball
2-0: Swinging Strike
2-1: Called Strike
2-2: Strikes out swinging
Bottom of the 1st over - 0 runs, 1 hit, 0 errors, 1 left on base; Augusta 0 - Kannapolis 0
TOP OF THE 2ND
Augusta GreenJackets batting - Pitching for Kannapolis Intimidators : RHP Matt Osborne
Batting: RHB Scott Clara 0-0: Called Strike
0-1: SINGLE (Line Drive, 89M, EV 91.9 MPH)
Batting: SHB Jacob Carmer 0-0: Called Strike
0-1: Swinging Strike
0-2: Ball
1-2: Strikes out swinging
Batting: RHB Ted Voeltner 0-0: Ball
1-0: Ball
2-0: Ball
3-0: Called Strike
3-1: Foul Ball, location: 3DF
3-2: Strikes out swinging
Batting: RHB Justin Wagner 0-0: Ball
1-0: Swinging Strike
1-1: Foul Ball, location: 2F
1-2: Strikes out swinging
Top of the 2nd over - 0 runs, 1 hit, 0 errors, 1 left on base; Augusta 0 - Kannapolis 0
BOTTOM OF THE 2ND
Kannapolis Intimidators batting - Pitching for Augusta GreenJackets : LHP Chad Haught
Batting: RHB Jonathan Rojas 0-0: SINGLE (Groundball, 34D, EV 105.6 MPH)
Batting: RHB John Iglesias 0-0: Swinging Strike
0-1: Foul Ball, location: 25FF
0-2: Ball
1-2: Ball
2-2: SINGLE (Groundball, 56D, EV 106.9 MPH)
Jonathan Rojas to second
Batting: RHB Kevin Pring 0-0: Ball
1-0: Foul Ball, location: 2F
1-1: Swinging Strike
1-2: SINGLE (Line Drive, 34D, EV 98.8 MPH)
Jonathan Rojas to third
John Iglesias to second
Runner from 3rd tries for Home, SAFE, throw by RF to home
Batting: RHB Matt Schmidl 0-0: Foul Ball, location: 23F
0-1: Ball
1-1: Ball
2-1: SINGLE (Line Drive, 3D, EV 96.3 MPH)
John Iglesias to third
Kevin Pring to second
Batting: RHB Jon Forsyth 0-0: Foul Ball, location: 5FF
0-1: Called Strike
0-2: Strikes out swinging
Batting: LHB Bob Cozart 0-0: Hit by Pitch
John Iglesias scores
Kevin Pring to third
Matt Schmidl to second
Batting: RHB Miguel Maldonado 0-0: Called Strike
0-1: Ball
1-1: Foul Ball, location: 2F
1-2: Foul Ball, location: 5FF
1-2: Ball
2-2: Foul Ball, location: 2F
2-2: Grounds into double play, 6-4-3 (Groundball, 6, EV 77.5 MPH)
Bottom of the 2nd over - 2 runs, 4 hits, 0 errors, 2 left on base; Augusta 0 - Kannapolis 2
TOP OF THE 3RD
Augusta GreenJackets batting - Pitching for Kannapolis Intimidators : RHP Matt Osborne
Batting: RHB Matt Bobrick 0-0: Fly out, F8 (Line Drive, 8RD, EV 86.3 MPH)
Batting: RHB Michael Meinert 0-0: Called Strike
0-1: Foul Ball, location: 5F
0-2: Strikes out looking
Batting: LHB Russ Sverdlov 0-0: Ball
1-0: Ball
2-0: Foul Ball, location: 2F
2-1: Called Strike
2-2: Ball
3-2: Base on Balls
Batting: SHB Matt Russ 0-0: Ball
1-0: Called Strike
1-1: Foul Ball, location: 9LSF
1-2: Ball
2-2: Foul Ball, location: 2F
2-2: Strikes out swinging
Top of the 3rd over - 0 runs, 0 hits, 0 errors, 1 left on base; Augusta 0 - Kannapolis 2
BOTTOM OF THE 3RD
Kannapolis Intimidators batting - Pitching for Augusta GreenJackets : LHP Chad Haught
Batting: RHB Jesse Rhodes 0-0: Called Strike
0-1: Fly out, F4 (Popup, 4MD, EV 55.6 MPH)
Batting: LHB Scott Davis 0-0: Ball
1-0: Ball
2-0: Foul Ball, location: 2F
2-1: Ground out 1-4-3 (Groundball, 15S, EV 85.6 MPH)
Batting: RHB Jonathan Rojas 0-0: Swinging Strike
0-1: Swinging Strike
0-2: Ball
1-2: Ball
2-2: Strikes out looking
Bottom of the 3rd over - 0 runs, 0 hits, 0 errors, 0 left on base; Augusta 0 - Kannapolis 2
TOP OF THE 4TH
Augusta GreenJackets batting - Pitching for Kannapolis Intimidators : RHP Matt Osborne
Batting: RHB Kevin Sides 0-0: Ball
1-0: Fly out, F7 (Flyball, 78D, EV 86.9 MPH)
Batting: RHB Scott Clara 0-0: Called Strike
0-1: Swinging Strike
0-2: Ball
1-2: Strikes out swinging
Batting: SHB Jacob Carmer 0-0: Foul Ball, location: 7LMF
0-1: Called Strike
0-2: Ball
1-2: Fly out, F8 (Flyball, 78D, EV 105.0 MPH)
Top of the 4th over - 0 runs, 0 hits, 0 errors, 0 left on base; Augusta 0 - Kannapolis 2
BOTTOM OF THE 4TH
Kannapolis Intimidators batting - Pitching for Augusta GreenJackets : LHP Chad Haught
Batting: RHB John Iglesias 0-0: Ball
1-0: Fly out, F8 (Flyball, 8RD, EV 91.3 MPH)
Batting: RHB Kevin Pring 0-0: Ball
1-0: Swinging Strike
1-1: Foul Ball, location: 2F
1-2: Strikes out swinging
Batting: RHB Matt Schmidl 0-0: Ground out 3-1 (Groundball, 34S, EV 79.4 MPH)
Bottom of the 4th over - 0 runs, 0 hits, 0 errors, 0 left on base; Augusta 0 - Kannapolis 2
TOP OF THE 5TH
Augusta GreenJackets batting - Pitching for Kannapolis Intimidators : RHP Matt Osborne
Batting: RHB Ted Voeltner 0-0: Ball
1-0: Foul Ball, location: 5F
1-1: Foul Ball, location: 9LSF
1-2: Strikes out swinging
Batting: RHB Justin Wagner 0-0: Called Strike
0-1: Foul Ball, location: 9LDF
0-2: Ball
1-2: Ball
2-2: Ball
3-2: Strikes out swinging
Batting: RHB Matt Bobrick 0-0: Ball
1-0: Called Strike
1-1: Foul Ball, location: 9LDF
1-2: Foul Ball, location: 2F
1-2: Ball
2-2: Strikes out swinging
Top of the 5th over - 0 runs, 0 hits, 0 errors, 0 left on base; Augusta 0 - Kannapolis 2
BOTTOM OF THE 5TH
Kannapolis Intimidators batting - Pitching for Augusta GreenJackets : LHP Chad Haught
Batting: RHB Jon Forsyth 0-0: Called Strike
0-1: DOUBLE (Flyball, 89XD, EV 111.9 MPH)
Batting: LHB Bob Cozart 0-0: Called Strike
0-1: Ball
1-1: Called Strike
1-2: Ball
2-2: Strikes out swinging
Batting: RHB Miguel Maldonado 0-0: Called Strike
0-1: Fly out, F8 (Flyball, 8LD, EV 91.3 MPH)
Batting: RHB Jesse Rhodes 0-0: Ball
1-0: Fly out, F8 (Flyball, 8LM, EV 96.3 MPH)
Bottom of the 5th over - 0 runs, 1 hit, 0 errors, 1 left on base; Augusta 0 - Kannapolis 2
TOP OF THE 6TH
Augusta GreenJackets batting - Pitching for Kannapolis Intimidators : RHP Matt Osborne
Batting: RHB Michael Meinert 0-0: Ball
1-0: Ball
2-0: Foul Ball, location: 2F
2-1: Ground out 5-3 (Groundball, 56, EV 88.1 MPH)
Batting: LHB Russ Sverdlov 0-0: Called Strike
0-1: Ball
1-1: Ball
2-1: Ball
3-1: Foul Ball, location: 5SF
3-2: Fly out, F4 (Popup, 34, EV 70.6 MPH)
Batting: SHB Matt Russ 0-0: Called Strike
0-1: Ball
1-1: Ball
2-1: Called Strike
2-2: Foul Ball, location: 25F
2-2: Ground out 4-3 (Groundball, 4, EV 106.9 MPH)
Top of the 6th over - 0 runs, 0 hits, 0 errors, 0 left on base; Augusta 0 - Kannapolis 2
BOTTOM OF THE 6TH
Kannapolis Intimidators batting - Pitching for Augusta GreenJackets : LHP Chad Haught
Batting: LHB Scott Davis 0-0: Ball
1-0: Foul Ball, location: 7LMF
1-1: Called Strike
1-2: Ball
2-2: Ball
3-2: SOLO HOME RUN (Flyball, 9D, EV 93.1 MPH), Distance : 351 ft
Batting: RHB Jonathan Rojas 0-0: Called Strike
0-1: Ball
1-1: Swinging Strike
1-2: Foul Ball, location: 9LSF
1-2: Ball
2-2: Foul Ball, location: 23F
2-2: Ball
3-2: Foul Ball, location: 5F
3-2: Ground out 5-3 (Groundball, 5S, EV 73.1 MPH)
Batting: RHB John Iglesias 0-0: Called Strike
0-1: Ball
1-1: Called Strike
1-2: Ball
2-2: SINGLE (Flyball, 8LS, EV 88.8 MPH)
Pitching: RHP Alexis Herrera
Batting: RHB Kevin Pring 0-0: Called Strike
0-1: Called Strike
0-2: Foul Ball, location: 9LMF
0-2: Foul Ball, location: 2F
0-2: Strikes out swinging
Batting: RHB Matt Schmidl 0-0: Ball
1-0: Ball
Wild Pitch!
John Iglesias to second
2-0: Ball
3-0: Called Strike
3-1: Base on Balls
Batting: RHB Jon Forsyth 0-0: Ball
1-0: Ball
2-0: Foul Ball, location: 2F
2-1: Ball
3-1: Base on Balls
John Iglesias to third
Matt Schmidl to second
Batting: LHB Bob Cozart 0-0: SINGLE (Groundball, 4MD, EV 97.5 MPH)
John Iglesias scores
Matt Schmidl to third
Jon Forsyth to second
Runner from 3rd tries for Home, SAFE, throw by CF to home
Batting: RHB Miguel Maldonado 0-0: Called Strike
0-1: Ball
1-1: Fly out, F8 (Flyball, 8RD, EV 101.3 MPH)
Bottom of the 6th over - 3 runs, 3 hits, 0 errors, 2 left on base; Augusta 0 - Kannapolis 5
TOP OF THE 7TH
Augusta GreenJackets batting - Pitching for Kannapolis Intimidators : RHP Matt Osborne
Batting: RHB Kevin Sides 0-0: Ball
1-0: Foul Ball, location: 3FF
1-1: Called Strike
1-2: Fly out, F9 (Flyball, 9S, EV 85.0 MPH)
Pitching: RHP Chris Dreiling
Batting: RHB Scott Clara 0-0: Called Strike
0-1: Swinging Strike
0-2: Strikes out swinging
Batting: SHB Jacob Carmer 0-0: Ball
1-0: Called Strike
1-1: Swinging Strike
1-2: Strikes out swinging
Top of the 7th over - 0 runs, 0 hits, 0 errors, 0 left on base; Augusta 0 - Kannapolis 5
BOTTOM OF THE 7TH
Kannapolis Intimidators batting - Pitching for Augusta GreenJackets : RHP Alexis Herrera
Batting: RHB Jesse Rhodes 0-0: Ball
1-0: Fly out, F8 (Flyball, 8LM, EV 89.4 MPH)
Batting: LHB Scott Davis 0-0: Swinging Strike
0-1: Swinging Strike
0-2: Ball
1-2: Ball
2-2: Ball
3-2: Foul Ball, location: 5F
3-2: Strikes out swinging
Batting: RHB Jonathan Rojas 0-0: Called Strike
0-1: Ball
1-1: Ball
2-1: Called Strike
2-2: Ball
3-2: Foul Ball, location: 2F
3-2: Fly out, F7 (Flyball, 7S, EV 86.3 MPH)
Bottom of the 7th over - 0 runs, 0 hits, 0 errors, 0 left on base; Augusta 0 - Kannapolis 5
TOP OF THE 8TH
Augusta GreenJackets batting - Pitching for Kannapolis Intimidators : RHP Chris Dreiling
Batting: LHB Steve Inniss 0-0: Ball
1-0: Ball
2-0: Foul Ball, location: 7LSF
2-1: Swinging Strike
2-2: Strikes out swinging
Batting: RHB Justin Wagner 0-0: Ball
1-0: SOLO HOME RUN (Flyball, 9D, EV 93.8 MPH), Distance : 346 ft
Batting: RHB Matt Bobrick 0-0: Ball
1-0: Swinging Strike
1-1: Swinging Strike
1-2: Strikes out swinging
Batting: RHB Michael Meinert 0-0: Ball
1-0: Called Strike
1-1: Ball
2-1: Ball
3-1: Called Strike
3-2: Foul Ball, location: 25F
3-2: Fly out, F7 (Flyball, 7LS, EV 95.0 MPH)
Top of the 8th over - 1 run, 1 hit, 0 errors, 0 left on base; Augusta 1 - Kannapolis 5
BOTTOM OF THE 8TH
Kannapolis Intimidators batting - Pitching for Augusta GreenJackets : RHP Alexis Herrera
Batting: RHB John Iglesias 0-0: Ball
1-0: Swinging Strike
1-1: Swinging Strike
1-2: Foul Ball, location: 25F
1-2: Ball
2-2: Foul Ball, location: 3FF
2-2: Ball
3-2: Fly out, F9 (Flyball, 9, EV 95.6 MPH)
Batting: RHB Kevin Pring 0-0: Ball
1-0: Called Strike
1-1: Called Strike
1-2: Foul Ball, location: 2F
1-2: Foul Ball, location: 9LMF
1-2: Strikes out swinging
Batting: RHB Matt Schmidl 0-0: Called Strike
0-1: Swinging Strike
0-2: Ground out 5-3 (Groundball, 56, EV 93.1 MPH)
Bottom of the 8th over - 0 runs, 0 hits, 0 errors, 0 left on base; Augusta 1 - Kannapolis 5
TOP OF THE 9TH
Augusta GreenJackets batting - Pitching for Kannapolis Intimidators : RHP Chris Dreiling
Batting: LHB Russ Sverdlov 0-0: Ball
1-0: Called Strike
1-1: Swinging Strike
1-2: Foul Ball, location: 2F
1-2: Ball
2-2: Strikes out swinging
Batting: SHB Matt Russ 0-0: Ball
1-0: Ball
2-0: Called Strike
2-1: Foul Ball, location: 3FF
2-2: Ball
3-2: Base on Balls
Batting: RHB Kevin Sides 0-0: Called Strike
0-1: Swinging Strike
0-2: Ball
1-2: SINGLE (Groundball, 56S, EV 74.4 MPH) (infield hit)
Matt Russ to second
Batting: RHB Scott Clara 0-0: Ball
1-0: Ball
2-0: Foul Ball, location: 25F
2-1: Ball
3-1: Base on Balls
Matt Russ to third
Kevin Sides to second
Pinch Hitting: RHB Andres Garcia 0-0: Called Strike
0-1: Ball
1-1: Swinging Strike
1-2: Ball
2-2: Foul Ball, location: 3FF
2-2: Foul Ball, location: 25F
2-2: Ball
3-2: Strikes out swinging
Batting: LHB Steve Inniss 0-0: Ball
1-0: Called Strike
1-1: Ball
2-1: SINGLE (Line Drive, 78M, EV 95.0 MPH)
Matt Russ scores
Kevin Sides to third
Scott Clara to second
Pitching: RHP Guadalupe Garay
Now in LF: Sean Green
Now in CF: Brian Struble
Pinch Hitting: RHB Tom Myers 0-0: Called Strike
0-1: Swinging Strike
0-2: Foul Ball, location: 2F
0-2: Strikes out swinging
Top of the 9th over - 1 run, 2 hits, 0 errors, 3 left on base; Augusta 2 - Kannapolis 5
Friday, May 3rd , 2024 - OOTP Baseball 24.11 Build 85